[Event "Early-Titled-Tuesday-Blitz-June-18-2024"]
[Site "Chess.com"]
[Date "2024.06.18"]
[Round "1"]
[White "Chessmatenokk17"]
[Black "SharathRk6"]
[Result "1-0"]
[WhiteElo "2789"]
[BlackElo "2452"]
[TimeControl "180+1"]
[EndTime "8:08:17 PDT"]
[Termination "Chessmatenokk17 won by checkmate"]

1. e4 e5 2. Nf3 Nc6 3. Bc4 Bc5 4.
b4 Bxb4 5. c3 Bd6 6. d4 Nf6 7.
O-O O-O 8. Re1 a6 9. Bg5 h6 10.
Bh4 Re8 11. Nbd2 b5 12. Bd5 Bb7 13. dxe5 Bxe5 14. Nxe5 Rxe5 15. f4 Re8 16. e5 Nxd5 17. Bxd8 Raxd8 18. Qf3 Nde7 19. Nb3 Ba8 20. Qf2 Nd5 21.
Qd2 Nce7 22. Rad1 Ng6 23. g3 Nge7 24. Nc5 a5 25. a4 b4 26. c4 Nc3 27. Rc1 d6 28. exd6 Rxd6 29. Qf2 Kf8 30. Qe3 Rdd8 31. Rxc3 bxc3 32. Qxc3 Nc6 33. Rxe8+ Rxe8 34. Kf2 Kg8 35. g4 Nb4 36. h4 Bc6 37. h5 Rd8 38. g5 hxg5 39. fxg5 Rd6 40. Qh3 Rd2+ 41. Ke3 Rc2 42. Qc8+ Kh7 43. Qf5+ Kg8 44. g6 Be8 45. Qc8 Kf8 46.
h6 gxh6 47. g7+ Kxg7 48. Qxe8 Rc3+ 49. Kd4 Rc1 50. Qe5+ Kh7 51. Qf5+ Kg8 52. Qg4+ Kh7 53. Qe4+ Kg8 54. Qg2+ Kh7 55. Ne4 Rd1+ 56. Kc5 Nd3+ 57. Kb5 Rb1+ 58. Kxa5 Rb6 59. c5 Rg6 60. Qc2 Ne5 61.
Kb5 c6+ 62. Kb6 h5 63. a5 h4 64. a6 Nd7+ 65. Kc7 Ne5 66. a7 Rg8 67. Nf6+ Kg7 68. Nxg8 h3 69. a8=Q h2 70. Qxh2 Ng6 71. Qh6# 1-0

[Event "Early-Titled-Tuesday-Blitz-June-18-2024"]
[Site "Chess.com"]
[Date "2024.06.18"]
[Round "1"]
[White "secrethawk1"]
[Black "BlackBoarder"]
[Result "0-1"]
[WhiteElo "2421"]
[BlackElo "2751"]
[TimeControl "180+1"]
[EndTime "8:08:17 PDT"]
[Termination "BlackBoarder won on time"]

1. e4 e6 2. d4 d5 3. Nc3 Bb4 4. exd5 exd5 5. Bd3 Ne7 6. Ne2 Bf5 7. O-O O-O 8. Bg5 f6 9. Bf4 c6 10. Bxf5 Nxf5 11. Qd3 Nh4 12. Bg3 Ng6 13. Nf4 Nxf4 14. Bxf4 Nd7 15. a3 Bxc3 16. Qxc3 Re8 17. Rae1 Nf8 18.
Bg3 Ne6 19. b3 Qb6 20. Rd1 Ng5 21. f3 Re2 22. Rfe1 Rae8 23. Rxe2 Rxe2 24. Re1 Rxe1+ 25. Bxe1 Ne6 26. Bf2 Qa6 27. Qe3 Kf7 28. a4 Qa5 29. Be1 Qb6 30. Bc3 Qc7 31. g3 b6 32. Qd3 g6 33. Kf2 h5 34. h4 Ng7 35. Bd2 Nf5 36.
c4 Qxg3+ 37. Ke2 Qxh4 38. cxd5 Nxd4+ 39. Ke3 Nf5+ 40. Ke2 Qh2+ 41. Kd1 Qd6 42. a5 Qxd5 43. Qa6 Qxf3+ 44. Kc1 Qxb3 45. Qxa7+ Ke6 46. Qb8 Qc4+ 47. Kd1 Qg4+ 48. Kc1 Qg1+ 49. Kc2 Qc5+ 50. Kd1 bxa5 51. Qg8+ Kd7 52. Qxg6 Qd5 0-1

[Event "Early-Titled-Tuesday-Blitz-June-18-2024"]
[Site "Chess.com"]
[Date "2024.06.18"]
[Round "1"]
[White "myburger"]
[Black "rezamahdavi2008"]
[Result "0-1"]
[WhiteElo "2529"]
[BlackElo "2968"]
[TimeControl "180+1"]
[EndTime "8:08:18 PDT"]
[Termination "rezamahdavi2008 won by checkmate"]

1. d4 d5 2. Nc3 Nf6 3. Bf4 e6 4.
Nb5 Na6 5. e3 Be7 6. Nf3 O-O 7.
Bd3 c6 8. Nc3 Nb4 9. Be2 c5 10.
a3 Nc6 11. O-O a6 12. Ne5 Nxe5 13. Bxe5 Nd7 14. Bg3 b5 15. dxc5 Nxc5 16. b4 Nd7 17.
Bd3 Bf6 18. Qd2 Bb7 19. Rad1 Rc8 20. Ne2 g6 21. Nc1 Nb6 22. Nb3 Na4 23. Na5 Ba8 24. Rc1 Bb2 25. Rb1 Bxa3 26. Ra1 Bb2 27. Rxa4 bxa4 28. Bxa6 Bc3 29. Qd3 Bxb4 30. Bxc8 Qxc8 31. Qb5 Qc3 32. Be5 Qd2 33. c3 Bxc3 34. Bxc3 Qxc3 35.
Qxa4 Rb8 36. h3 Kg7 37. Qa1 Qxa1 38. Rxa1 Kf6 39. g3 h5 40. h4 Rb4 41. Nb3 Bb7 42.
Nc5 Bc6 43. Nd3 Rc4 44. Ra7 Rc3 45. Nf4 d4 46. Ng2 Rc1+ 47. Kh2 Rc2 48. Rc7 dxe3 49. Nxe3 Rxf2+ 50. Kg1 Rf3 51. Nc4 Bd5 52. Nd6 e5 53.
Ne8+ Kf5 54. Ng7+ Kg4 55. Rc5 Rxg3+ 56. Kf2 Rd3 57. Ne8 Kxh4 58. Nf6 Rf3+ 59. Kg1 Rxf6 60. Rxd5 Rf5 61. Rd2 e4 62. Re2 Re5 63. Kg2 Kg4 64.
Re3 h4 65. Kh2 f5 66. Re1 f4 67. Rg1+ Kf5 68. Kh3 g5 69. Rg4 e3 70. Rg1 e2 71. Re1 f3 72. Kh2 g4 73. Rf1 exf1=N+ 74. Kg1 Ng3 75. Kh2 Re2+ 76. Kg1 Rg2# 0-1

[Event "Early-Titled-Tuesday-Blitz-June-18-2024"]
[Site "Chess.com"]
[Date "2024.06.18"]
[Round "1"]
[White "margarita_2703"]
[Black "Crazy_girl99"]
[Result "0-1"]
[WhiteElo "2232"]
[BlackElo "2600"]
[TimeControl "180+1"]
[EndTime "8:08:18 PDT"]
[Termination "Crazy_girl99 won by checkmate"]

1. e4 e5 2. Nf3 Nc6 3. Bc4 Bc5 4. O-O Nf6 5. d3 d6 6. c3 a6 7. a4 Ba7 8. Bb3 h6 9. Nbd2 O-O 10. Re1 Re8 11.
h3 Be6 12. Bc2 d5 13. Qe2 d4 14. Nf1 Qd7 15. Ng3 Rad8 16. Nh4 Ne7 17. Nh5 Nxh5 18. Qxh5 dxc3 19. bxc3 Kh7 20. Rb1 b5 21. axb5 axb5 22. Be3 Bxe3 23. Rxe3 Ng6 24. Nxg6 fxg6 25. Qe2 c6 26. Rg3 Rf8 27. Bb3 Bxb3 28. Rxb3 Ra8 29. Rb1 Ra3 30. Rc1 Qf7 31. Re3 Qb3 32. d4 Ra2 33.
Qg4 Qb2 34. Rce1 Qxf2+ 35. Kh1 exd4 36. cxd4 b4 37. e5 b3 38. e6 b2 39. e7 Re8 40. Qd7 Qxe3 41. Rxe3 b1=Q+ 42. Kh2 Raa8 43. Rg3 Qf5 44. Qd6 Qf6 45. Qc7 Rxe7 46. Qb6 Rae8 47. Qc5 Re3 48. Rg4 R8e4 49. Rxe4 Rxe4 50. d5 Qe5+ 51. Kg1 Re1+ 52. Kf2 Qe2+ 53. Kg3 Qe3+ 54. Qxe3 Rxe3+ 55. Kf4 Rd3 56. dxc6 Rc3 57. g4 Rxc6 58. h4 Rc4+ 59. Kg3 g5 60. hxg5 hxg5 61. Kf3 Kg6 62. Kg3 Rf4 63. Kh3 Kf6 64. Kg2 Rxg4+ 65. Kh1 Rh4+ 66.
Kg2 g4 67. Kg1 Kg5 68. Kg2 Kf4 69. Kf2 Rh2+ 70. Kg1 Ra2 71. Kh1 Kg3 72. Kg1 Ra1# 0-1

[Event "Early-Titled-Tuesday-Blitz-June-18-2024"]
[Site "Chess.com"]
[Date "2024.06.18"]
[Round "1"]
[White "crazy_but_lazy"]
[Black "LoonsDeKoeben"]
[Result "1-0"]
[WhiteElo "2672"]
[BlackElo "2364"]
[TimeControl "180+1"]
[EndTime "8:08:19 PDT"]
[Termination "crazy_but_lazy won by checkmate"]

1. Nf3 c5 2. e3 Nf6 3. c4 e6 4. b3 b6 5. Nc3 Nc6 6. Bb2 Bb7 7. g3 Ne5 8. Be2 Bxf3 9. Bxf3 Nd3+ 10. Ke2 Nxb2 11.
Qc2 d5 12. Qxb2 Be7 13. d3 Rc8 14. Rad1 O-O 15. h4 d4 16. Ne4 Nxe4 17. Bxe4 f5 18.
Bf3 e5 19. Bd5+ Kh8 20. Rdg1 Qd6 21. g4 fxg4 22. Rxg4 Qf6 23. Ke1 Qf5 24. Qe2 dxe3 25. fxe3 h5 26. Rg2 e4 27. Bxe4 Qe5 28. Qb2 Qxb2 29.
Rxb2 Bf6 30. Rg2 Rfe8 31. Ke2 Re5 32. Rf2 Kg8 33. a4 a5 34. Rf3 Kf7 35. Rg1 Rd8 36.
Bd5+ Ke7 37. Rg6 Kd6 38. Kd2 Rde8 39. Rfxf6+ gxf6 40.
Rxf6+ Kc7 41. Rc6+ Kd7 42. e4 Rb8 43. Rh6 Kc7 44.
Ke3 Rg8 45. Rc6+ Kd7 46. Rxb6 Rg4 47. Rc6 Rxh4 48. Rxc5 Rh3+ 49. Kd4 Re8 50. Bc6+ Ke7 51. Bxe8 Kxe8 52. Rxa5 h4 53. Rh5 Rh1 54. a5 Kf7 55.
b4 Kg6 56. Rh8 Kg7 57. Rxh4 Rxh4 58. a6 Rh6 59. b5 Kf7 60. a7 Rh8 61. b6 Ke7 62. b7 Kd7 63. a8=Q Rd8 64. b8=Q Ke6+ 65. Qxd8 Kf7 66. Qdd5+ Ke7 67. Qad8# 1-0

[Event "Early-Titled-Tuesday-Blitz-June-18-2024"]
[Site "Chess.com"]
[Date "2024.06.18"]
[Round "1"]
[White "sokidze"]
[Black "Qvalda"]
[Result "1-0"]
[WhiteElo "2788"]
[BlackElo "2451"]
[TimeControl "180+1"]
[EndTime "8:08:21 PDT"]
[Termination "sokidze won by checkmate"]

1. d4 d5 2. c4 e6 3. Nc3 Nf6 4. cxd5 exd5 5. Bg5 c6 6. e3 Bf5 7. Qf3 Bg6 8. Bxf6 Qxf6 9. Qxf6 gxf6 10. h4 h5 11.
Nge2 Bd6 12. Kd2 a5 13. Nf4 Bxf4 14. exf4 Ke7 15. g3 Bf5 16. Bg2 Kd6 17. Rhe1 Nd7 18.
Nd1 Nb6 19. b3 a4 20. Ne3 Bd7 21. Bf3 Nc8 22. b4 a3 23. Rab1 Ne7 24. Rb3 Ra4 25. Kc3 Bf5 26. Bd1 Ra7 27. Nxf5+ Nxf5 28. Bc2 Ng7 29.
f5 Ne8 30. Kd2 Nc7 31. Rbe3 Raa8 32. Re7 Rae8 33. Rxf7 Rxe1 34. Kxe1 Nb5 35. Rxf6+ Kc7 36. Rf7+ Kb6 37. f6 Nxd4 38. Bg6 Nf3+ 39. Ke2 Ne5 40.
Rg7 Nxg6 41. Rxg6 Rf8 42. f3 Kb5 43. g4 hxg4 44. fxg4 Kxb4 45. Kd2 c5 46. h5 c4 47. h6 c3+ 48. Kc2 Re8 49. f7 Re2+ 50. Kc1 Re1+ 51.
Kc2 Re2+ 52. Kd3 Rf2 53. h7 c2 54. h8=Q c1=Q 55. f8=Q+ Rxf8 56. Qxf8+ Ka5 57. Qa8+ Kb5 58. Qxb7+ Ka4 59. Ra6# 1-0

[Event "Early-Titled-Tuesday-Blitz-June-18-2024"]
[Site "Chess.com"]
[Date "2024.06.18"]
[Round "1"]
[White "vladislavkovalev"]
[Black "Manukyan_Artak"]
[Result "1/2-1/2"]
[WhiteElo "2837"]
[BlackElo "2491"]
[TimeControl "180+1"]
[EndTime "8:08:22 PDT"]
[Termination "Game drawn - insufficient material"]

1. e4 c6 2. Nf3 d5 3. d3 dxe4 4. dxe4 Qxd1+ 5. Kxd1 Bg4 6. Be2 Nd7 7. Ne1 Bxe2+ 8.
Kxe2 Nc5 9. f3 O-O-O 10. Be3 e5 11. Nd2 f6 12. a4 a6 13. a5 h5 14. Nc4 Nh6 15. c3 Nf7 16. b4 Ne6 17. Nd3 Nd6 18. Nb6+ Kb8 19. Rhd1 Nc8 20. Rd2 Be7 21. Rad1 g5 22. Nb2 Rxd2+ 23. Rxd2 Rd8 24. Rxd8 Bxd8 25. N2c4 Nxb6 26. axb6 Be7 27. g3 c5 28. bxc5 Bxc5 29. Kd3 Kc8 30. Na5 Bxe3 31. Kxe3 Nc5 32. Kd2 g4 33.
Ke3 Kd7 34. Kf2 Ke6 35. Kg2 Kd6 36. h3 gxf3+ 37. Kxf3 Ke7 38. h4 Nd7 39. Nc4 Nc5 40.
Na5 Na4 41. g4 hxg4+ 42. Kxg4 Nxb6 43. Nxb7 Nc4 44. h5 Kf7 45. Nc5 a5 46. Kf3 Kg7 47. Ke2 Kh6 48. Kd3 Nb6 49. c4 Kxh5 50. Ne6 Kg4 51.
c5 Nc8 52. c6 Kf3 53. c7 a4 54.
Nc5 a3 55. Kc3 Ke3 56. Kb3 Kd4 57. Nd7 Kxe4 58. Nxf6+ Kf5 59. Nd5 Ke6 60. Ne3 Kd6 61. Nc4+ Kxc7 62. Nxe5 Nd6 63. Ka2 Kb6 64. Kxa3 1/2-1/2

[Event "Early-Titled-Tuesday-Blitz-June-18-2024"]
[Site "Chess.com"]
[Date "2024.06.18"]
[Round "1"]
[White "Dixit_Nikhil"]
[Black "Iuckyducky"]
[Result "0-1"]
[WhiteElo "2605"]
[BlackElo "2287"]
[TimeControl "180+1"]
[EndTime "8:08:22 PDT"]
[Termination "Iuckyducky won by checkmate"]

1. e4 e5 2. Nf3 Nc6 3. Nc3 Bc5 4. Nxe5 Bxf2+ 5. Kxf2 Nxe5 6. d4 Ng6 7. Bc4 d6 8.
Rf1 Nf6 9. Kg1 h6 10. Nd5 Nxd5 11. Bxd5 O-O 12. Qh5 Nh8 13. Bxh6 c6 14. Bg5 Qb6 15. Bb3 Qxd4+ 16. Kh1 Qe5 17. Rf2 Be6 18. Raf1 Bxb3 19. axb3 f6 20. Rf5 Qxe4 21. Bc1 Rae8 22. R5f2 Qg6 23.
Qh3 Nf7 24. Qc3 Ne5 25. h3 Re7 26. Qd4 Rfe8 27. Qxa7 Qg3 28. Qd4 Ng6 29. Bf4 Nxf4 30. Qxf4 Qxf4 31. Rxf4 Re1 32. Rxe1 Rxe1+ 33. Kh2 Kf7 34. Rd4 Ke6 35. Rd2 Rb1 36. c3 Re1 37.
b4 d5 38. Kg3 Ke5 39. Kf2 Rb1 40. Re2+ Kd6 41. Ke3 b6 42. Kd3 Rg1 43. Rf2 Rc1 44.
Kd2 Rg1 45. Kc2 Ra1 46. Rf3 Rg1 47. Rg3 g5 48. Kb3 Ke5 49. Re3+ Kf4 50. Re6 Rxg2 51. Rxf6+ Kg3 52. Rxc6 Kxh3 53. Rxb6 g4 54. Rh6+ Kg3 55. b5 Re2 56. b6 Re7 57. Kb4 Kf2 58. Kc5 g3 59. Kd6 Rg7 60. Rf6+ Ke2 61. Re6+ Kd2 62. Re7 Rg6+ 63. Kc7 g2 64. b7 g1=Q 65. b8=Q Qc5+ 66. Kd7 Qc6+ 67. Kd8 Rg8+ 68. Re8 Rxe8# 0-1

[Event "Early-Titled-Tuesday-Blitz-June-18-2024"]
[Site "Chess.com"]
[Date "2024.06.18"]
[Round "1"]
[White "Mikhail_Bryakin"]
[Black "SargissyanSargis"]
[Result "1-0"]
[WhiteElo "2741"]
[BlackElo "2417"]
[TimeControl "180+1"]
[EndTime "8:08:24 PDT"]
[Termination "Mikhail_Bryakin won by resignation"]

1. e4 e5 2. Nf3 Nc6 3. Nc3 Nf6 4.
d4 exd4 5. Nxd4 Bb4 6. Nxc6 bxc6 7. Bd3 O-O 8. O-O d5 9. exd5 Bg4 10. Be2 Bxe2 11. Nxe2 cxd5 12. Bg5 Be7 13. Qd3 h6 14. Bxf6 Bxf6 15. c3 Rb8 16. b3 Re8 17. Rad1 c6 18. c4 Qa5 19. Nc1 Rbd8 20. g3 dxc4 21. Qxc4 Rxd1 22. Rxd1 Re1+ 23. Rxe1 Qxe1+ 24. Qf1 Qd2 25. a4 Bd4 26. Nd3 Qc2 27. b4 Qxa4 28. Qe2 g6 29. Qe4 Qd1+ 30. Kg2 Bf6 31. h4 h5 32. Nf4 Kg7 33. Qxc6 Qd4 34. b5 Be5 35. Ne2 Qd3 36.
Ng1 Bf6 37. Nf3 Qe2 38. Qd5 Bb2 39. Ng5 Qe7 40. Ne4 Qe5 41. Qc4 Qd4 42. Qc6 Ba3 43. Ng5 Qf6 44. Qb7 Bb2 45. Ne4 Qd4 46. Ng5 Qf6 47. Nf3 Bd4 48. Qd7 Bb6 49. Qd5 Qb2 50.
Ng5 Qxf2+ 51. Kh3 Qf5+ 52. Qxf5 gxf5 53. Kg2 f6 54. Ne6+ Kf7 55. Nf4 Ke7 56. Nxh5 Kd6 57. Ng7 f4 58. h5 f5 59. h6 Bd4 60. Nxf5+ Kd5 61. Nxd4 Kxd4 62. h7 Kc5 63. gxf4 1-0

[Event "Early-Titled-Tuesday-Blitz-June-18-2024"]
[Site "Chess.com"]
[Date "2024.06.18"]
[Round "1"]
[White "NailBashirli"]
[Black "Pakarma"]
[Result "1/2-1/2"]
[WhiteElo "2762"]
[BlackElo "2440"]
[TimeControl "180+1"]
[EndTime "8:08:25 PDT"]
[Termination "Game drawn by repetition"]

1. e4 c5 2. Nc3 e6 3. g3 Nc6 4. Bg2 g6 5. f4 Bg7 6. Nf3 d6 7. O-O Nge7 8. d3 O-O 9. Be3 Nd4 10.
Nd2 Rb8 11. Rb1 b5 12. Ne2 Nxe2+ 13. Qxe2 Qc7 14. g4 f5 15. g5 Bb7 16. c3 b4 17.
cxb4 cxb4 18. Rbc1 Qd7 19. Nb3 Ba6 20. exf5 Nxf5 21. Bf2 Rfc8 22. Rfe1 Rxc1 23. Nxc1 e5 24. Qg4 Rc8 25. Bd5+ Kh8 26. Qf3 Rc2 27. Bb3 Rc8 28.
Ne2 Bb7 29. Qh3 e4 30. dxe4 Bxe4 31. Ng3 d5 32. Nxe4 dxe4 33. Rxe4 Qc6 34. Qf3 Qc1+ 35. Kg2 Qxb2 36. Re2 Qc3 37. Qxc3 bxc3 38. Bc2 Nd4 39. Bxd4 Bxd4 40. h4 Kg7 41. Kf3 Bc5 42. f5 gxf5 43.
Bxf5 Bd6 44. Bc2 Rc4 45. h5 Rf4+ 46. Ke3 Rg4 47. h6+ Kf8 48. Bxh7 Rxg5 49. Kd3 Rg3+ 50. Kc2 Rh3 51. Rf2+ Ke7 52. Bd3 Rxh6 53. Re2+ Kd7 54. Kxc3 Kc7 55. Kc2 Bc5 56. Be4 Rd6 57. Bd3 Rd4 58. Re4 Rxe4 59. Bxe4 Kb6 60. Kb3 Bd6 61. a4 Bc7 62. Kc4 a5 63. Bb1 Bb8 64. Bc2 Bc7 65. Kd5 Bb8 66. Ke6 Bc7 67. Kd7 Be5 68. Kc8 Bc3 69.
Kd7 Bb4 70. Ke6 Bc3 71. Kd5 Bb4 72. Kc4 Bc5 73. Be4 Bb4 74. Bd5 Bc5 75. Be4 Bb4 76. Bd5 Bc5 77. Be4 1/2-1/2

[Event "Early-Titled-Tuesday-Blitz-June-18-2024"]
[Site "Chess.com"]
[Date "2024.06.18"]
[Round "1"]
[White "AlexeiShirov"]
[Black "GiorgianBarbosa"]
[Result "1-0"]
[WhiteElo "2879"]
[BlackElo "2500"]
[TimeControl "180+1"]
[EndTime "8:08:27 PDT"]
[Termination "AlexeiShirov won by resignation"]

1. e3 Nf6 2. e4 Nxe4 3. Nf3 d5 4. d3 Nf6 5. d4 Bg4 6. Bd3 e6 7. O-O Bd6 8. Nbd2 Nbd7 9. c4 c6 10. b3 O-O 11. Bb2 Bh5 12. Re1 Bg6 13. Bf1 Ne4 14. g3 a5 15. Bg2 a4 16. bxa4 Qa5 17. c5 Be7 18. Nb3 Qxa4 19. Nfd2 Nxd2 20. Qxd2 Bf6 21. h4 h6 22. Qf4 Qa7 23. Qd6 Rfd8 24. Qf4 Qb8 25. Qe3 Re8 26. f4 b6 27. Re2 bxc5 28. dxc5 Bxb2 29. Rxb2 e5 30. fxe5 Nxe5 31. Qf4 Nc4 32. Rf2 Qxf4 33. gxf4 Reb8 34. Nd4 Ra6 35. f5 Bh5 36. Re1 Rba8 37. f6 Bg4 38. Re7 g6 39. Nxc6 Rxc6 40. Bxd5 Rcc8 41. Bxf7+ Kh8 42. Bxg6 h5 43. c6 Kg8 44. Be4 Nd6 45. Bd5+ Kh8 46. f7 Rf8 47. c7 Nf5 48. Re8 Raxe8 49. fxe8=Q Rxe8 50. Be6 Nd6 51. Bxg4 hxg4 52. Rd2 Nc8 53. Rd8 Rg8 54. Kg2 Kg7 55. Rxg8+ Kxg8 56. h5 Kg7 57.
Kg3 Kh6 58. Kxg4 Na7 59. a4 Nc8 60. a5 Na7 61. a6 Nc8 62. Kf5 Kxh5 63. Ke6 Kg6 64. Kd7 Na7 65. c8=Q Nxc8 66. Kxc8 Kf7 67.
a7 Ke8 68. a8=Q 1-0

[Event "Early-Titled-Tuesday-Blitz-June-18-2024"]
[Site "Chess.com"]
[Date "2024.06.18"]
[Round "1"]
[White "chess_peak"]
[Black "Sanan_Sjugirov"]
[Result "0-1"]
[WhiteElo "2524"]
[BlackElo "2958"]
[TimeControl "180+1"]
[EndTime "8:08:28 PDT"]
[Termination "Sanan_Sjugirov won by resignation"]

1. d4 Nf6 2. c4 e6 3. Nf3 Bb4+ 4. Bd2 Qe7 5. g3 Nc6 6. Nc3 O-O 7. Bg2 d5 8. O-O dxc4 9. e4 e5 10. dxe5 Nxe5 11. Nxe5 Qxe5 12. Bf4 Qe7 13. Nd5 Nxd5 14. Qxd5 c6 15. Qxc4 Be6 16. Qc2 Rfd8 17. a3 Bc5 18. Rad1 Bb6 19. h3 h6 20. Qc3 Qc5 21. Qxc5 Bxc5 22.
Bc7 Rd4 23. Be5 Rdd8 24. Bc7 Rdc8 25. Be5 a5 26. Bd4 Bxd4 27. Rxd4 Rd8 28. Rfd1 Rxd4 29. Rxd4 Kf8 30. f4 f6 31. Kf2 Ke7 32. Ke3 Ra6 33. Bf1 c5 34. Ra4 Rb6 35. Rxa5 Rb3+ 36. Kd2 Rxb2+ 37.
Kc1 Rf2 38. Bd3 Rf3 39. Kd2 c4 40. Be2 Rxg3 41. Rb5 Bc8 42. Bxc4 Rxa3 43. Bd5 Rxh3 44. Bxb7 Bd7 45. Rb6 g5 46. fxg5 hxg5 47. Bd5 g4 48. Rb7 Kd6 49. Rb6+ Ke5 50. Rb7 Ba4 51. Rb4 Be8 52.
Rb8 Bg6 53. Rg8 Bxe4 54. Bxe4 Kxe4 55. Rxg4+ Kf3 56. Rg8 f5 57. Rf8 f4 58. Ke1 Rh1+ 59. Kd2 Rf1 60. Ra8 Kf2 61. Rf8 f3 62. Rh8 Rg1 63.
Rh2+ Rg2 64. Rh8 Rg6 65. Rf8 Rd6+ 66. Kc1 Ke2 67. Re8+ Kf1 68. Rf8 f2 69. Kc2 Rd5 0-1

[Event "Early-Titled-Tuesday-Blitz-June-18-2024"]
[Site "Chess.com"]
[Date "2024.06.18"]
[Round "1"]
[White "HATilay"]
[Black "sirinbaba33"]
[Result "1-0"]
[WhiteElo "2623"]
[BlackElo "2254"]
[TimeControl "180+1"]
[EndTime "8:08:29 PDT"]
[Termination "HATilay won on time"]

1. e4 c5 2. Nf3 e6 3. g3 Nc6 4. Bg2 Nf6 5. Qe2 e5 6. O-O Be7 7. c3 O-O 8. a3 Re8 9. b4 a6 10. Bb2 d6 11. d3 h6 12. Nbd2 Be6 13. Rfd1 Qc7 14. Nc4 b5 15. Ne3 Rad8 16. Nd2 Bf8 17. Rac1 d5 18. exd5 Nxd5 19. Ne4 Nxe3 20. fxe3 c4 21.
dxc4 Bxc4 22. Qf3 Bb3 23. Rf1 Be6 24. g4 Be7 25. Rf2 Nb8 26. Nd2 Nd7 27. c4 bxc4 28.
Nxc4 Bxc4 29. Bf1 Qb6 30. Bxc4 Nf6 31. Bxe5 a5 32. Bd4 Qd6 33. bxa5 Qxa3 34. Ra1 Qb4 35. Bf1 Rxd4 36. exd4 Qxd4 37. Rd1 Qxg4+ 38. Qxg4 Nxg4 39. Re2 Bc5+ 40. Kg2 Rxe2+ 41. Bxe2 Ne3+ 42. Kf3 Nxd1 43. Bxd1 Kf8 44. Ke4 Ke7 45. Kd5 Bg1 46. h3 Kf6 47. a6 Kg5 48. Kc6 Kh4 49. Bg4 g6 50. Bd7 f5 51. Be8 g5 52. Bg6 f4 53. Be4 Kg3 54.
Kd5 f3 55. Ke5 f2 56. a7 f1=Q 57. a8=Q Qf4+ 58. Kd5 Qd2+ 59. Ke6 Be3 60. Qa3 Qd4 61. Bd5 Kh4 62. Qf8 1-0

[Event "Early-Titled-Tuesday-Blitz-June-18-2024"]
[Site "Chess.com"]
[Date "2024.06.18"]
[Round "1"]
[White "WiktoriaPOL"]
[Black "slidingknight2775"]
[Result "1/2-1/2"]
[WhiteElo "2406"]
[BlackElo "2706"]
[TimeControl "180+1"]
[EndTime "8:08:32 PDT"]
[Termination "Game drawn by repetition"]

1. c4 e6 2. Nc3 d5 3. d4 a6 4. Nf3 Nf6 5. cxd5 exd5 6. Bg5 Be6 7. e3 Nbd7 8. Bd3 Bd6 9. O-O c6 10. Qc2 Qc7 11. a3 h6 12. Bh4 O-O 13. b4 Rfc8 14. Rfc1 b5 15. e4 dxe4 16. Nxe4 Nxe4 17. Bxe4 Bf4 18.
Qxc6 Bxc1 19. Qxc7 Rxc7 20. Bxa8 Bxa3 21. Bg3 Ra7 22.
d5 Bg4 23. Rxa3 Rxa8 24. Nd4 Nb6 25. d6 Nc4 26. Ra1 Bd7 27. Nb3 Ra7 28. Nc5 Be6 29.
Rxa6 Rxa6 30. Nxa6 Kf8 31. Nc5 Ke8 32. Kf1 Nb6 33.
Ke2 Nd5 34. Na6 Kd7 35. Kd3 Kc6 36. Kd4 Nb6 37. Nb8+ Kb7 38. d7 Nxd7 39. Nxd7 Bxd7 40. Kc5 Bc6 41. f3 h5 42. Be5 f6 43. Bd6 h4 44.
Bf8 g6 45. Be7 h3 46. gxh3 f5 47. f4 Kc7 48. Bg5 Kb7 49. Bf6 Kc7 50. h4 Kb7 51. Be5 Bf3 52. Kxb5 Bh5 53. Kc5 Bd1 54. b5 Bh5 55. Kd6 Bd1 56. Kc5 Bh5 57. b6 Bd1 58. Bd4 Bh5 59. Kd6 Bd1 60. Ke5 Bh5 61. Kf6 Kc6 62.
Ke7 Kb7 63. Kd6 Bd1 64. Kd5 Bh5 65. Ke5 Bd1 66. Kd5 Bh5 67. Be3 Bd1 68. Kc5 Bh5 69. Kd6 Bf3 70. Ke6 Bh5 71. Kf6 Kc6 72. Kg5 Kb7 73. Kf6 Kc6 74. Kg5 Kb7 75. Kf6 1/2-1/2

[Event "Early-Titled-Tuesday-Blitz-June-18-2024"]
[Site "Chess.com"]
[Date "2024.06.18"]
[Round "1"]
[White "Ash15K"]
[Black "Ginger_GM"]
[Result "0-1"]
[WhiteElo "2304"]
[BlackElo "2633"]
[TimeControl "180+1"]
[EndTime "8:08:32 PDT"]
[Termination "Ginger_GM won by checkmate"]

1. Nf3 f5 2. g3 Nf6 3. Bg2 d6 4. d4 e6 5. O-O Be7 6. c4 O-O 7.
Nc3 a5 8. b3 Ne4 9. Qc2 Nxc3 10. Qxc3 Nc6 11. Bb2 Bf6 12. Qd2 e5 13. d5 Ne7 14. Ne1 f4 15. e4 g5 16. Nd3 Qe8 17.
gxf4 gxf4 18. f3 Ng6 19. Kh1 Nh4 20. Rg1 Kh8 21. c5 Bd7 22. cxd6 cxd6 23. Rac1 Qh5 24. Qf2 Bd8 25. a4 Ra6 26. Qd2 Bb6 27. Nxf4 Qh6 28.
Ng6+ Qxg6 29. Bh3 Bxg1 30. Bxd7 Nxf3 31. Qe2 Bd4 32. Bf5 Qh5 33. Bxd4 exd4 34. Rf1 Qxh2+ 35.
Qxh2 Nxh2 36. Kxh2 Rb6 37. Rf3 Kg7 38. Kg3 Ra6 39.
Rd3 Rb6 40. Kg4 Kf6 41. Kf4 Rg8 42. Bg4 Rg6 43. Rg3 Rb4 44. Rd3 Rh6 45. Rg3 Rh1 46. Bf5 Rf1+ 47. Kg4 Ke5 48. Kg5 Rd1 49. Kh6 d3 50.
Rg7 d2 51. Re7+ Kd4 52. Kg7 Rg1+ 53. Kf6 d1=Q 54. Rxh7 Qf3 55. Re7 Rxb3 56. Ke6 Qf4 57. Rf7 Qe5+ 58. Kd7 Rc3 59. Re7 Rc7+ 60. Kxc7 Qxe7+ 61. Kb8 Kc5 62. Bc8 b5 63. axb5 Kxb5 64. Ka8 Kb6 65. Ba6 Qa7# 0-1

[Event "Early-Titled-Tuesday-Blitz-June-18-2024"]
[Site "Chess.com"]
[Date "2024.06.18"]
[Round "1"]
[White "David_ATM"]
[Black "Hamisandwich"]
[Result "0-1"]
[WhiteElo "2422"]
[BlackElo "2754"]
[TimeControl "180+1"]
[EndTime "8:08:33 PDT"]
[Termination "Hamisandwich won by checkmate"]

1. e4 e5 2. Nf3 Nc6 3. Bb5 a6 4. Ba4 Nge7 5. O-O d6 6. c3 Bd7 7.
Bc2 Ng6 8. d4 Be7 9. Nbd2 O-O 10.
Nc4 Bg4 11. dxe5 Ncxe5 12. Ncxe5 Nxe5 13. Bf4 Nxf3+ 14. gxf3 Bh3 15. Re1 Bf6 16. Kh1 Re8 17.
Rg1 g6 18. Bb3 Be6 19. Bxe6 Rxe6 20. Qd5 c6 21. Qd2 Be5 22. Bxe5 Rxe5 23. Rad1 Qf6 24. Rg3 Rd8 25. Qd4 Qh4 26. Kg2 Rh5 27. h3 Qe7 28. Qd2 d5 29. Qf4 Rd6 30. exd5 Rhxd5 31. Rxd5 Rxd5 32.
h4 Qe1 33. h5 Rxh5 34. Rh3 Rxh3 35. Kxh3 Qe6+ 36. Kg2 Qe7 37. Qd4 h5 38. Kf1 Kh7 39. Kg2 Qg5+ 40. Kh2 Qd5 41. Qf4 Kg7 42. Kg2 Qxa2 43. Qb4 b5 44. Qd4+ Kh7 45. b4 Qd5 46. Qf6 Qe6 47. Qf4 Kg7 48. Qc7 Qf6 49.
Qb6 Qxc3 50. Qxa6 Qf6 51. Qb6 Qg5+ 52. Kf1 Qd5 53. Kg2 h4 54. Qc7 Qg5+ 55. Kf1 Qf6 56.
Kg2 Qg5+ 57. Kf1 Qc1+ 58. Kg2 Qc3 59. Qd6 Qf6 60. Qc5 Kh7 61. Qf8 Qf5 62. Kf1 Qxf3 63.
Qc5 h3 64. Qxc6 Qxc6 65. Kg1 Qg2# 0-1

[Event "Early-Titled-Tuesday-Blitz-June-18-2024"]
[Site "Chess.com"]
[Date "2024.06.18"]
[Round "1"]
[White "Keeper0416"]
[Black "artooon"]
[Result "0-1"]
[WhiteElo "2542"]
[BlackElo "3101"]
[TimeControl "180+1"]
[EndTime "8:08:35 PDT"]
[Termination "artooon won by resignation"]

1. d4 Nf6 2. c4 e6 3. Nf3 d5 4. Nc3 Nbd7 5. Bg5 h6 6. Bh4 Bb4 7.
cxd5 exd5 8. e3 c6 9. Bd3 O-O 10. O-O Re8 11. h3 a5 12. Qc2 Be7 13. Bg3 Nf8 14. a3 Bd6 15. Bxd6 Qxd6 16. Na4 Be6 17. Nb6 Ra7 18. Qc5 Qb8 19. Ne5 N6d7 20. Nexd7 Nxd7 21. Nxd7 Bxd7 22. Qb6 a4 23. Rab1 Qa8 24. Rfe1 Be6 25.
Rbc1 Qb8 26. Rc5 Ra8 27. Rb1 Qa7 28. Qb4 Bd7 29. Rc2 Qa5 30. Qxa5 Rxa5 31. Rbc1 Ra7 32. h4 g6 33. Rc3 Kf8 34. Bf1 Ke7 35. f3 Kd6 36.
Kf2 f5 37. Be2 Rb8 38. Bd3 b5 39. Rc5 b4 40. e4 fxe4 41. fxe4 bxa3 42. bxa3 Rb3 43.
e5+ Ke7 44. Bxg6 Rxa3 45. Kg1 Rg3 46. h5 a3 47. Kh2 Rg4 48. R5c3 Rxd4 49. Rf1 Be6 50.
Rxc6 a2 51. Ra1 Rh4+ 52. Kg3 Rg4+ 53. Kf2 Rf4+ 54. Kg3 Rb4 55. Rc2 d4 56. Rd2 Ra3+ 57. Kf4 d3+ 58. Ke3 Rb1 59. Rd1 Rxd1 60. Rxd1 a1=Q 61.
Rxa1 Rxa1 62. Kxd3 Ra5 63. Ke3 Rxe5+ 64. Kf4 Kf6 65.
g4 Rg5 66. Bf5 Bf7 67. Be4 Be6 68. Bf3 Re5 69. Bg2 Ra5 70. Bf3 Ra4+ 71. Kg3 Kg5 72. Be2 Ra3+ 73. Bf3 Bxg4 74. Kh2 0-1